[Event "ICC tourney 2906 (40 10)"]
[Site "Internet Chess Club"]
[Date "2022.05.07"]
[Round "1"]
[White "REVESZ, GREGORY:GRevesz"]
[Black "Volkov, Sergey:Volkov"]
[Result "0-1"]
[ICCResult "White resigns"]
[WhiteElo "1866"]
[BlackElo "2560"]
[Opening "Queen's pawn game, Krause variation"]
[ECO "D02"]
[NIC "QP.08"]
[Time "11:01:25"]
[PlyCount "50"]
[TimeControl "2400+10"]

1. d4 d5 2. Nf3 c5 3. e3 Nf6 4. c3 Nbd7 5. Bd3 g6 6. Nbd2 Bg7 7. e4 cxd4 8.
cxd4 dxe4 9. Nxe4 Nxe4 10. Bxe4 Nf6 11. Bc2 O-O 12. h3 Be6 13. Bf4 Bc4 14.
Bd3 Qa5+ 15. Kf1 Qa6 16. Bxc4 Qxc4+ 17. Qe2 Rac8 18. Qxc4 Rxc4 19. Kg1 Nd5
20. Be5 f6 21. Bg3 Rc2 22. Rb1 Rfc8 23. Kh2 f5 24. Kg1 f4 25. Bh4 h6
{White resigns}
0-1

[Event "ICC tourney 2906 (40 10)"]
[Site "Internet Chess Club"]
[Date "2022.05.07"]
[Round "1"]
[White "WU, WILLIAM:chessw23"]
[Black "QI, JENNY:eevee11"]
[Result "1-0"]
[ICCResult "Black checkmated"]
[WhiteElo "1959"]
[BlackElo "1424"]
[Opening "Scandinavian defense"]
[ECO "B01"]
[NIC "SD.03"]
[Time "11:00:28"]
[PlyCount "35"]
[TimeControl "2400+10"]

1. e4 d5 2. exd5 Nf6 3. Nf3 Bg4 4. d4 Qxd5 5. Be2 Nc6 6. Be3 O-O-O 7. c4 Qf5
8. O-O Bxf3 9. Bxf3 Nb4 10. Qb3 e6 11. Rc1 Ng4 12. a3 Nxe3 13. axb4 Ng4 14.
Rxa7 Be7 15. Qa4 c6 16. Rxb7 Kxb7 17. Qxc6+ Ka7 18. Qb7# {Black checkmated}
1-0

[Event "ICC tourney 2906 (40 10)"]
[Site "Internet Chess Club"]
[Date "2022.05.07"]
[Round "1"]
[White "LIVNE, OREN:orenlivne"]
[Black "Nguyen, Hoa Duc:leoman"]
[Result "0-1"]
[ICCResult "White resigns"]
[WhiteElo "1844"]
[BlackElo "2492"]
[Opening "Queen's pawn game, Darooha variation "]
[ECO "D02"]
[NIC "QP.09"]
[Time "11:00:53"]
[PlyCount "56"]
[TimeControl "2400+10"]

1. Nf3 d5 2. d4 Nf6 3. c4 e6 4. g3 dxc4 5. Qa4+ c6 6. Qxc4 b5 7. Qb3 Bb7 8.
Bg2 a6 9. a4 c5 10. axb5 Qb6 11. dxc5 Bxc5 12. O-O Ne4 13. e3 axb5 14. Rxa8
Bxa8 15. Nc3 Nxc3 16. Qxc3 O-O 17. b3 b4 18. Qa1 Bd5 19. Bb2 f6 20. Nd4 Bxg2
21. Kxg2 Nd7 22. Qa4 Bxd4 23. Bxd4 Qb7+ 24. Kg1 Ra8 25. Ra1 Rxa4 26. Rxa4 e5
27. Ra7 Qc6 28. Ba1 Nc5 {White resigns} 0-1

[Event "ICC tourney 2906 (40 10)"]
[Site "Internet Chess Club"]
[Date "2022.05.07"]
[Round "1"]
[White "GUSEINOV, GADIR:GGuseinov"]
[Black "WANG, ALEXANDER J:ickyquarter"]
[Result "1-0"]
[ICCResult "Black resigns"]
[WhiteElo "2711"]
[BlackElo "1929"]
[Opening "Sicilian: closed"]
[ECO "B23"]
[NIC "SI.44"]
[Time "11:01:10"]
[PlyCount "147"]
[TimeControl "2400+10"]

1. e4 c5 2. Nc3 d6 3. Bb5+ Bd7 4. Bxd7+ Qxd7 5. d4 cxd4 6. Qxd4 Nc6 7. Qd3
g6 8. Nf3 Bg7 9. O-O Nf6 10. Nd5 O-O 11. Bg5 Nxd5 12. exd5 Ne5 13. Nxe5 Bxe5
14. c3 Bg7 15. Rfe1 Rfe8 16. Rad1 Bf6 17. Bh6 Rac8 18. Re4 Rc5 19. Be3 Rcc8
20. Re1 b6 21. a4 Qb7 22. h4 Qd7 23. Qb5 Qxb5 24. axb5 Rc7 25. Ra1 Rd8 26.
g4 Rdd7 27. Kg2 Bg7 28. h5 Bf8 29. Rh1 f6 30. g5 fxg5 31. hxg6 hxg6 32. Re6
Kf7 33. Rh7+ Kg8 34. Rh3 Rc4 35. Rxg6+ Kf7 36. Rxg5 e5 37. Rf5+ Ke8 38. Rh8
Rf7 39. Rxf7 Kxf7 40. Rh7+ Bg7 41. Bh6 Kg6 42. Rxg7+ Kxh6 43. Rd7 Rc5 44.
Rxd6+ Kg5 45. Rd8 Rxb5 46. b4 Kf6 47. Rd6+ Kf7 48. Kf3 a5 49. bxa5 bxa5 50.
Ke4 a4 51. Ra6 Rc5 52. Kxe5 Rxc3 53. Rxa4 Rc2 54. f4 Re2+ 55. Kd6 Rb2 56.
Ra7+ Ke8 57. f5 Rb6+ 58. Ke5 Rh6 59. f6 Rh1 60. Ke6 Re1+ 61. Kd6 Rd1 62.
Re7+ Kf8 63. Ke6 Re1+ 64. Kd7 Rf1 65. d6 Rxf6 66. Re8+ Kf7 67. Re1 Rf2 68.
Rc1 Rd2 69. Rf1+ Kg7 70. Ke7 Re2+ 71. Kd8 Rd2 72. d7 Kg6 73. Rc1 Kf7 74. Kc7
{Black resigns}
1-0

[Event "ICC tourney 2906 (40 10)"]
[Site "Internet Chess Club"]
[Date "2022.05.07"]
[Round "1"]
[White "YAN, RUIYANG:jy2020"]
[Black "MARKOVIC, GORAN:Goran21"]
[Result "1-0"]
[ICCResult "Black resigns"]
[WhiteElo "2185"]
[BlackElo "1794"]
[Opening "Pirc defense"]
[ECO "B07"]
[NIC "PU.07"]
[Time "11:00:31"]
[PlyCount "123"]
[TimeControl "2400+10"]

1. e4 d6 2. d4 Nf6 3. Nc3 g6 4. Be3 Bg7 5. Qd2 Ng4 6. Bg5 h6 7. Bh4 g5 8.
Bg3 e5 9. Nge2 Nc6 10. d5 Ne7 11. f3 Nf6 12. Bf2 Nh5 13. O-O-O Ng6 14. Kb1
Bd7 15. g3 O-O 16. Nc1 a6 17. Be2 Nf6 18. Be3 Kh7 19. Bd3 b5 20. N3e2 Ng8
21. f4 gxf4 22. gxf4 exf4 23. Nxf4 Nxf4 24. Bxf4 Kh8 25. Rdf1 f5 26. Rhg1
Qf6 27. c3 Rae8 28. Be3 Qe7 29. Rf4 Nf6 30. Bd4 fxe4 31. Bc2 Rf7 32. Rh4 Bf5
33. Qf4 Ng8 34. Ne2 Be5 35. Qf2 e3 36. Qe1 Bxc2+ 37. Kxc2 Rf2 38. Rhg4 Qh7+
39. Kc1 Qd3 40. R4g2 Ref8 41. Bxe5+ dxe5 42. Qd1 Qe4 43. Rg3 Qc4 44. Rxe3
Nf6 45. b3 Qc5 46. Rxe5 Ng4 47. Re6 Nf6 48. Qd2 Rxh2 49. Rg6 Ng8 50. Kb2 Qf2
51. d6 cxd6 52. Qxd6 Rh5 53. Qd7 Rf7 54. Qd8 Rg7 55. Qe8 Qf7 56. Rxh6+ Rxh6
57. Rxh6+ Rh7 58. Qxf7 Rxh6 59. Nd4 Rf6 60. Qe8 Rf2+ 61. Ka3 Re2 62. Nxe2
{Black resigns}
1-0

[Event "ICC tourney 2906 (40 10)"]
[Site "Internet Chess Club"]
[Date "2022.05.07"]
[Round "1"]
[White "GU, CRYSTAL JIUZHOU:fantasymoon"]
[Black "SAFARLI, ELTAJ:KRASAVCHIK"]
[Result "0-1"]
[ICCResult "White checkmated"]
[WhiteElo "1918"]
[BlackElo "2650"]
[Opening "King's Indian, 3.Nf3"]
[ECO "D74"]
[NIC "KI.80"]
[Time "11:00:52"]
[PlyCount "96"]
[TimeControl "2400+10"]

1. d4 Nf6 2. c4 g6 3. Nf3 Bg7 4. g3 O-O 5. Bg2 d5 6. b3 dxc4 7. bxc4 c5 8.
e3 Nc6 9. Bb2 Ne4 10. O-O cxd4 11. Nxd4 Qb6 12. Qb3 Nc5 13. Qxb6 axb6 14.
Nd2 Bd7 15. Ne4 Na4 16. Rab1 Rfc8 17. Rfc1 Nxb2 18. Rxb2 Nxd4 19. exd4 b5
20. c5 Ra4 21. Rd2 f5 22. Ng5 Rxd4 23. Bd5+ Kf8 24. Nxh7+ Ke8 25. Rxd4 Bxd4
26. Bxb7 Rxc5 27. Rd1 e5 28. Nf6+ Ke7 29. Nxd7 Kxd7 30. Bg2 Rc2 31. Bf1 Rb2
32. a3 Kc6 33. Bg2+ Kb6 34. Rc1 Bxf2+ 35. Kf1 Bc5 36. Ra1 Rf2+ 37. Ke1 Rxg2
38. Rd1 Rg1+ 39. Kd2 Rxd1+ 40. Kxd1 Bxa3 41. h4 Bd6 42. Ke2 e4 43. Kf2 b4
44. Kg2 b3 45. Kh3 b2 46. g4 b1=Q 47. gxf5 Qg1 48. h5 Qg3# {White
checkmated} 0-1

[Event "ICC tourney 2906 (40 10)"]
[Site "Internet Chess Club"]
[Date "2022.05.07"]
[Round "1"]
[White "TAYLOR, PHILLIP O:philupo"]
[Black "Kodarapu, Ishaan:pika0008"]
[Result "0-1"]
[ICCResult "White resigns"]
[WhiteElo "1313"]
[BlackElo "1958"]
[Opening "Sicilian: Grand Prix attack"]
[ECO "B23"]
[NIC "SI.44"]
[Time "11:24:58"]
[PlyCount "62"]
[TimeControl "2400+10"]

1. e4 c5 2. Nc3 Nc6 3. f4 g6 4. Nf3 Bg7 5. Bb5 Nd4 6. O-O e6 7. Nxd4 cxd4 8.
Ne2 Qb6 9. Bd3 Ne7 10. b3 O-O 11. Kh1 d6 12. Bb2 f5 13. c3 fxe4 14. Bxe4 d5
15. Bc2 dxc3 16. dxc3 Nf5 17. Rf3 Ne3 18. Qd3 Nxc2 19. Qxc2 e5 20. fxe5 Rxf3
21. gxf3 Qe3 22. Nd4 Bxe5 23. Qg2 Bxd4 24. cxd4 Bd7 25. f4 Bf5 26. Qxd5+ Be6
27. Qxb7 Rd8 28. d5 Bxd5+ 29. Qxd5+ Rxd5 30. Be5 Qf3+ 31. Kg1 Rd2
{White resigns}
0-1

[Event "ICC tourney 2906 (40 10)"]
[Site "Internet Chess Club"]
[Date "2022.05.07"]
[Round "1"]
[White "LIU, ERIC CHANG:el008"]
[Black "OPASKA, MICHAEL:mopaska1106"]
[Result "1-0"]
[ICCResult "Black resigns"]
[WhiteElo "2059"]
[BlackElo "1778"]
[Opening "Sicilian: Pelikan, Chelyabinsk variation"]
[ECO "B33"]
[NIC "SI.37"]
[Time "11:00:31"]
[PlyCount "67"]
[TimeControl "2400+10"]

1. e4 c5 2. Nf3 Nc6 3. d4 cxd4 4. Nxd4 Nf6 5. Nc3 e5 6. Ndb5 d6 7. Bg5 a6 8.
Na3 b5 9. Nd5 Be7 10. Bxf6 Bxf6 11. c4 b4 12. Nc2 a5 13. g3 Bg5 14. Bg2 O-O
15. O-O Rb8 16. f4 Bf6 17. b3 exf4 18. Nxf6+ Qxf6 19. gxf4 Ne7 20. Qd2 Bg4
21. Ne3 Bh5 22. Rae1 Ng6 23. Nd5 Qd8 24. f5 Ne5 25. f6 Bg6 26. Ne7+ Kh8 27.
Qg5 h6 28. fxg7+ Kxg7 29. Nf5+ Kg8 30. Qxh6 Qf6 31. Rf4 Rfe8 32. Ref1 Qh8
33. Qg5 Qh5 34. Qf6 {Black resigns} 1-0

[Event "ICC tourney 2906 (40 10)"]
[Site "Internet Chess Club"]
[Date "2022.05.07"]
[Round "1"]
[White "WANG, TED:tedwpnw"]
[Black "Turcotte, Jonathan:JonnyTurgi"]
[Result "0-1"]
[ICCResult "White resigns"]
[WhiteElo "1711"]
[BlackElo "2000"]
[Opening "Caro-Kann: classical, Flohr variation"]
[ECO "B18"]
[NIC "CK.10"]
[Time "11:00:37"]
[PlyCount "90"]
[TimeControl "2400+10"]

1. e4 c6 2. d4 d5 3. Nc3 dxe4 4. Nxe4 Bf5 5. Ng3 Bg6 6. Nh3 Nf6 7. Nf4 e5 8.
dxe5 Qa5+ 9. Bd2 Qxe5+ 10. Be2 Nbd7 11. O-O O-O-O 12. Re1 Bc5 13. Nd3 Bxd3
14. Bxd3 Qxb2 15. Bf5 Qd4 16. Re2 Rhe8 17. c3 Qd5 18. Qc2 Rxe2 19. Nxe2 g6
20. Bh3 Ne4 21. Be1 f5 22. Nf4 Qe5 23. Nd3 Qd5 24. Nf4 Qd6 25. g3 Ndf6 26.
Bg2 Kb8 27. Bf3 Qe7 28. Rd1 Rxd1 29. Qxd1 Qd6 30. Qe2 Bb6 31. Kg2 g5 32. Nd3
g4 33. Bxe4 Nxe4 34. Nf4 Qc5 35. Kg1 a6 36. Nd3 Qc4 37. Kf1 Ka7 38. Ne5 Qd5
39. f3 Qxe5 40. fxe4 Qxe4 41. Qxe4 fxe4 42. Ke2 Bg1 43. Kd2 Kb6 44. c4 Kc5
45. Kc3 h5 {White resigns} 0-1

[Event "ICC tourney 2906 (40 10)"]
[Site "Internet Chess Club"]
[Date "2022.05.07"]
[Round "1"]
[White "Lie, Yoeng Kiong:yoengkiong333"]
[Black "LU, YIDING:K05-16857692"]
[Result "1-0"]
[ICCResult "Black checkmated"]
[WhiteElo "2338"]
[BlackElo "1827"]
[Opening "Polish (Sokolsky) opening"]
[ECO "A00"]
[NIC "VO.10"]
[Time "11:06:44"]
[PlyCount "97"]
[TimeControl "2400+10"]

1. b4 d5 2. Bb2 Nf6 3. Nf3 e6 4. a3 Bd6 5. g3 Nbd7 6. h3 e5 7. d4 e4 8. Ne5
Qe7 9. Ng4 Nxg4 10. hxg4 e3 11. Nc3 exf2+ 12. Kxf2 Nf6 13. Bh3 Bxg4 14. Qd3
Ne4+ 15. Nxe4 dxe4 16. Qe3 Bxh3 17. Rxh3 f5 18. Kg2 O-O 19. Qb3+ Kh8 20. d5
Be5 21. Rah1 h6 22. Rxh6+ gxh6 23. Rxh6+ Kg7 24. Re6 Qxe6 25. dxe6 Bxb2 26.
Qxb2+ Kg6 27. Qe5 Rae8 28. Qxc7 Rxe6 29. Qxb7 Rd6 30. Qe7 Rff6 31. c4 Rd2
32. Kf2 Rf7 33. Qe6+ Rf6 34. Qg8+ Kh5 35. Qh7+ Kg5 36. Qxa7 Rc2 37. Qg7+ Rg6
38. Qe7+ Rf6 39. c5 Kg6 40. b5 Rf7 41. Qe6+ Rf6 42. Qg8+ Kh5 43. Qh7+ Kg5
44. Qg7+ Rg6 45. Qe7+ Kh6 46. b6 Rg7 47. Qf6+ Rg6 48. Qh8+ Kg5 49. Qh4#
{Black checkmated}
1-0

[Event "ICC tourney 2906 (40 10)"]
[Site "Internet Chess Club"]
[Date "2022.05.07"]
[Round "1"]
[White "KHANIN, SEMEN:TTU-Khanin"]
[Black "SHAWKAT, SAIF:saif-shawkat"]
[Result "1-0"]
[ICCResult "Black resigns"]
[WhiteElo "2567"]
[BlackElo "1911"]
[Opening "Caro-Kann: classical, Spassky variation"]
[ECO "B19"]
[NIC "CK.12"]
[Time "11:00:29"]
[PlyCount "109"]
[TimeControl "2400+10"]

1. e4 c6 2. d4 d5 3. Nd2 dxe4 4. Nxe4 Bf5 5. Ng3 Bg6 6. h4 h6 7. Nf3 Nd7 8.
h5 Bh7 9. Bd3 Bxd3 10. Qxd3 e6 11. Bd2 Ngf6 12. O-O-O Be7 13. Kb1 O-O 14.
Ne4 c5 15. g4 Nxg4 16. Qe2 Qb6 17. Rhg1 f5 18. dxc5 Nxc5 19. Nxc5 Bxc5 20.
Bc3 Rf7 21. Ne5 Nxe5 22. Qxe5 Bf8 23. Rg6 Rd8 24. Rdg1 Rdd7 25. a4 Qd6 26.
Qe2 Qd5 27. Rxh6 Qe4 28. Qxe4 fxe4 29. Rxe6 Kh7 30. Rxe4 Bc5 31. Rg6 Bxf2
32. Ka2 Bc5 33. Rg5 Be7 34. Rb5 Bf6 35. Bxf6 Rxf6 36. a5 a6 37. Rc5 Rdf7 38.
b4 b6 39. axb6 Rxb6 40. Kb3 Rf1 41. c3 Rh1 42. Rg4 Rb1+ 43. Kc2 Rh1 44. Rc7
Rxh5 45. Rgxg7+ Kh8 46. Ra7 a5 47. Rgc7 Rb8 48. Rxa5 Rxa5 49. bxa5 Ra8 50.
Kb3 Rxa5 51. Kb4 Ra8 52. c4 Kg8 53. Re7 Kf8 54. Re4 Rb8+ 55. Ka5 {Black
resigns} 1-0

[Event "ICC tourney 2906 (40 10)"]
[Site "Internet Chess Club"]
[Date "2022.05.07"]
[Round "1"]
[White "KOEHL, EVAN:MacAndSneeze"]
[Black "WEN, YILI:yyyw"]
[Result "1-0"]
[ICCResult "Black forfeits on time"]
[WhiteElo "1790"]
[BlackElo "2150"]
[Opening "Scotch: Mieses variation"]
[ECO "C45"]
[NIC "SO.04"]
[Time "11:01:25"]
[PlyCount "67"]
[TimeControl "2400+10"]

1. e4 e5 2. Nf3 Nc6 3. d4 exd4 4. Nxd4 Nf6 5. Nxc6 bxc6 6. e5 Qe7 7. Qe2 Nd5
8. h4 f6 9. c4 Nb6 10. exf6 Qxe2+ 11. Bxe2 gxf6 12. Nc3 Ba6 13. Bh5+ Kd8 14.
b3 d5 15. cxd5 cxd5 16. Bb2 Bh6 17. Rd1 c6 18. Ne4 Kc7 19. Nxf6 Rhd8 20.
Be5+ Kb7 21. f4 Bf8 22. g3 d4 23. Bxd4 Bb4+ 24. Kf2 Rxd4 25. Rxd4 Bc5 26.
Rd1 Rd8 27. Ke3 Nd5+ 28. Nxd5 cxd5 29. b4 Bb6 30. a4 Bc4 31. a5 Bxd4+ 32.
Kxd4 Kc6 33. Re1 Kb5 34. Re7 {Black forfeits on time} 1-0

[Event "ICC tourney 2906 (40 10)"]
[Site "Internet Chess Club"]
[Date "2022.05.07"]
[Round "1"]
[White "XIA, JOSHUA:MathMonkey"]
[Black "LIANG, YU-CHENG:Yucheng"]
[Result "0-1"]
[ICCResult "White resigns"]
[WhiteElo "1570"]
[BlackElo "1994"]
[Opening "Caro-Kann: classical, 7...Nd7"]
[ECO "B19"]
[NIC "CK.11"]
[Time "11:00:33"]
[PlyCount "98"]
[TimeControl "2400+10"]

1. e4 c6 2. d4 d5 3. Nc3 dxe4 4. Nxe4 Bf5 5. Ng3 Bg6 6. h4 h6 7. Nf3 Nd7 8.
Bd3 Bxd3 9. Qxd3 e6 10. h5 Qc7 11. Bd2 Ngf6 12. O-O-O O-O-O 13. Kb1 Bd6 14.
Ne4 Nxe4 15. Qxe4 Nf6 16. Qe2 Bf4 17. Bxf4 Qxf4 18. Qe5 Qe4 19. Qc5 b6 20.
Qc4 Kb7 21. Ne5 Rhf8 22. f3 Qd5 23. Qxd5 Rxd5 24. b4 Kc7 25. c4 Rd6 26. Kc2
Ng8 27. g4 Ne7 28. a3 f6 29. c5 bxc5 30. dxc5 Rxd1 31. Rxd1 fxe5 32. Rd6
Rxf3 33. Rxe6 Nd5 34. Rxe5 Rxa3 35. Kb2 Re3 36. Rf5 Re7 37. g5 hxg5 38. Rxg5
Nxb4 39. Rg6 Nd3+ 40. Kc3 Nxc5 41. Kc4 Nd7 42. Kd4 a5 43. Rg5 Kb6 44. Rg3
Nf6 45. Rb3+ Kc7 46. Rg3 Rd7+ 47. Kc4 Nxh5 48. Rg5 Rd5 49. Rg4 g5
{White resigns}
0-1

[Event "ICC tourney 2906 (40 10)"]
[Site "Internet Chess Club"]
[Date "2022.05.07"]
[Round "1"]
[White "ALEKSANDROV, ALEKSEJ:Aleksandrov73"]
[Black "TAO, SIHAN:K06-16931716"]
[Result "1/2-1/2"]
[ICCResult "Game drawn by mutual agreement"]
[WhiteElo "2556"]
[BlackElo "1847"]
[Opening "Nimzo-Indian: 4.e3 O-O"]
[ECO "E46"]
[NIC "NI.11"]
[Time "11:00:32"]
[PlyCount "192"]
[TimeControl "2400+10"]

1. d4 Nf6 2. c4 e6 3. Nc3 Bb4 4. e3 O-O 5. Bd2 d5 6. Rc1 Nbd7 7. Nf3 Re8 8.
Qb3 Bxc3 9. Bxc3 dxc4 10. Bxc4 b6 11. O-O Bb7 12. Rfd1 Qe7 13. Bb4 c5 14.
dxc5 Nxc5 15. Bxc5 bxc5 16. Be2 Rab8 17. Qa3 Bd5 18. b3 Ne4 19. Bd3 Rec8 20.
Rc2 Ng5 21. Ne1 Be4 22. Rdc1 Qf6 23. Rxc5 Nh3+ 24. gxh3 Qg6+ 25. Kf1 Bxd3+
26. Nxd3 Qxd3+ 27. Kg2 Qg6+ 28. Kf3 Rd8 29. Qxa7 e5 30. Qa4 Qf5+ 31. Kg2 Rd2
32. Qf4 exf4 33. Rxf5 fxe3 34. Re1 g6 35. Rf3 e2 36. a3 Ra2 37. b4 Ra8 38.
h4 f5 39. h5 f4 40. hxg6 hxg6 41. h4 R8xa3 42. Rxe2 Rxe2 43. Rxa3 Rb2 44.
Ra8+ Kg7 45. Rb8 Rb3 46. b5 Kf6 47. b6 Kg7 48. b7 Kh7 49. Kf1 Rb2 50. f3 Kg7
51. Ke1 Kh7 52. Kd1 Kg7 53. Kc1 Rb6 54. Kc2 Kh7 55. Kc3 Kg7 56. Kd4 Rb4+ 57.
Kc5 Rb1 58. Kd5 Kh7 59. Ke5 Rb4 60. Kf6 Rb6+ 61. Ke7 Kg7 62. Kd7 Rb1 63. Ke6
Rb6+ 64. Kd5 Rb1 65. Kd6 Rb2 66. Kc5 Kh7 67. Kc6 Rc2+ 68. Kd5 Rb2 69. Ke5
Rb4 70. Kf6 Rb6+ 71. Kg5 Rb4 72. h5 gxh5 73. Kxh5 Kg7 74. Kg5 Kh7 75. Kf6
Rb6+ 76. Kf7 Rb4 77. Ke6 Kg7 78. Kd5 Rb1 79. Kd6 Kh7 80. Ke5 Rb4 81. Kd5 Rb1
82. Kc6 Rc1+ 83. Kd7 Rb1 84. Kc7 Rc1+ 85. Kd6 Rb1 86. Ke5 Rb4 87. Kf6 Rb6+
88. Kf7 Rb1 89. Kf8 Rb4 90. Re8 Rxb7 91. Re7+ Rxe7 92. Kxe7 Kg6 93. Ke6 Kg5
94. Ke5 Kg6 95. Kxf4 Kf6 96. Kg4 Kg6 {Game drawn by mutual agreement}
1/2-1/2

[Event "ICC tourney 2906 (40 10)"]
[Site "Internet Chess Club"]
[Date "2022.05.07"]
[Round "1"]
[White "WU, JAYDEN:SparkyNinja"]
[Black "QUIRKE, JEFFREY L:PawnEatingZombi"]
[Result "0-1"]
[ICCResult "White resigns"]
[WhiteElo "1771"]
[BlackElo "2029"]
[Opening "Caro-Kann: classical, 6.h4"]
[ECO "B19"]
[NIC "CK.11"]
[Time "11:00:31"]
[PlyCount "124"]
[TimeControl "2400+10"]

1. e4 c6 2. d4 d5 3. Nc3 dxe4 4. Nxe4 Bf5 5. Ng3 Bg6 6. h4 h6 7. Nf3 e6 8.
h5 Bh7 9. Bd3 Bxd3 10. Qxd3 Nf6 11. Bd2 c5 12. O-O-O Nc6 13. Bc3 Qd5 14. Kb1
c4 15. Qe2 b5 16. Rhe1 b4 17. Bd2 c3 18. Bf4 Be7 19. Be5 cxb2 20. Ne4 a5 21.
c4 Qxe4+ 22. Qxe4 Nxe4 23. Rxe4 O-O 24. Bg3 Rfd8 25. Kxb2 Bf6 26. Kc2 Rac8
27. Bh4 Bxh4 28. Nxh4 a4 29. Nf3 Na5 30. c5 Rd5 31. Re5 b3+ 32. axb3 axb3+
33. Kc3 Rcxc5+ 34. dxc5 Rxd1 35. Re1 Rd5 36. Re5 b2 37. Re1 Rxc5+ 38. Kxb2
Rxh5 39. Kc2 Rc5+ 40. Kd3 Nc6 41. Ke3 h5 42. Rd1 g6 43. Kf4 Kg7 44. Kg3 Ne7
45. Kh2 Rd5 46. Ra1 Nf5 47. Ra7 Nd4 48. Nxd4 Rxd4 49. Ra3 g5 50. g3 Kg6 51.
Kg2 h4 52. Rb3 f5 53. Ra3 Kf6 54. Rc3 Ra4 55. Rb3 hxg3 56. Rxg3 g4 57. Rb3
f4 58. Rc3 e5 59. Rc6+ Kf5 60. Rc8 Ra2 61. Rf8+ Ke4 62. Rg8 g3 {White
resigns} 0-1

[Event "ICC tourney 2906 (40 10)"]
[Site "Internet Chess Club"]
[Date "2022.05.07"]
[Round "1"]
[White "LIN, LEO FANYUE:Leolix"]
[Black "SHOLL, CRAIG H:craigsholl66"]
[Result "1-0"]
[ICCResult "Black checkmated"]
[WhiteElo "2000"]
[BlackElo "1663"]
[Opening "Sicilian: closed, 2...Nc6"]
[ECO "B23"]
[NIC "SI.44"]
[Time "11:01:45"]
[PlyCount "151"]
[TimeControl "2400+10"]

1. e4 c5 2. Nc3 Nc6 3. Bb5 a6 4. Bxc6 dxc6 5. d3 g6 6. f4 Bg7 7. Nf3 Bg4 8.
Be3 b6 9. Qd2 Nf6 10. O-O-O O-O 11. h3 Bxf3 12. gxf3 Nh5 13. Rdg1 Bd4 14.
Bxd4 Qxd4 15. Ne2 Qf2 16. Rf1 Qh4 17. f5 Kg7 18. Qe3 e6 19. fxe6 fxe6 20. f4
Rf7 21. Rhg1 Raf8 22. Rg4 Qe7 23. Rfg1 Kh8 24. d4 Qd6 25. Qc3 cxd4 26. Nxd4
Ng7 27. Rd1 Rd8 28. Qxc6 Rc7 29. Qxd6 Rxd6 30. Rgg1 Rc4 31. Nb5 Rxd1+ 32.
Rxd1 Nh5 33. Nd6 Rc6 34. f5 e5 35. Nf7+ Kg8 36. Nxe5 Rc5 37. Nd7 Rc6 38.
fxg6 hxg6 39. e5 Nf4 40. Rd6 Rxd6 41. exd6 Kf7 42. Nxb6 Nxh3 43. Kd2 Ke6 44.
d7 Ke7 45. Ke3 Ng1 46. c4 g5 47. c5 Nh3 48. c6 Kd8 49. Nd5 g4 50. Nf4 Ng5
51. Kf2 Kc7 52. Kg3 Nf7 53. Ne6+ Kxc6 54. d8=Q Nxd8 55. Nxd8+ Kc5 56. Nb7+
Kc4 57. Kxg4 Kd3 58. Nc5+ Kc2 59. b4 Kc3 60. Nxa6 Kc4 61. a4 Kd5 62. b5 Kd6
63. Kf4 Kd7 64. Ke5 Kc8 65. Kd6 Kb7 66. Nc7 Kb6 67. a5+ Kb7 68. b6 Kc8 69.
a6 Kb8 70. Kc6 Kc8 71. b7+ Kb8 72. Nd5 Ka7 73. Nb6 Kb8 74. Nd7+ Ka7 75.
b8=Q+ Kxa6 76. Qa8# {Black checkmated} 1-0

[Event "ICC tourney 2906 (40 10)"]
[Site "Internet Chess Club"]
[Date "2022.05.07"]
[Round "2"]
[White "SAFARLI, ELTAJ:KRASAVCHIK"]
[Black "LIN, LEO FANYUE:Leolix"]
[Result "1-0"]
[ICCResult "Black resigns"]
[WhiteElo "2650"]
[BlackElo "2000"]
[Opening "Sicilian: closed"]
[ECO "B23"]
[NIC "SI.44"]
[Time "13:17:27"]
[PlyCount "41"]
[TimeControl "2400+10"]

1. e4 c5 2. Nc3 d6 3. Bb5+ Bd7 4. Bxd7+ Nxd7 5. f4 g6 6. Nf3 Bg7 7. O-O Ngf6
8. d3 O-O 9. Qe1 Qc7 10. Qh4 a6 11. f5 b5 12. Bh6 b4 13. Nd5 Nxd5 14. exd5
Nf6 15. Ng5 Bxh6 16. Qxh6 Qa7 17. Rf4 c4+ 18. d4 Qd7 19. Nxh7 Rfd8 20. Nxf6+
exf6 21. Rh4 {Black resigns} 1-0

[Event "ICC tourney 2906 (40 10)"]
[Site "Internet Chess Club"]
[Date "2022.05.07"]
[Round "2"]
[White "SHAWKAT, SAIF:saif-shawkat"]
[Black "XIA, JOSHUA:MathMonkey"]
[Result "0-1"]
[ICCResult "White resigns"]
[WhiteElo "1911"]
[BlackElo "1570"]
[Opening "Ruy Lopez: Anderssen variation"]
[ECO "C77"]
[NIC "RL.12"]
[Time "13:15:18"]
[PlyCount "48"]
[TimeControl "2400+10"]

1. e4 e5 2. Nf3 Nc6 3. Bb5 a6 4. Ba4 Nf6 5. d3 b5 6. Bb3 Bc5 7. Bg5 h6 8.
Bh4 g5 9. Bg3 d6 10. c3 Bg4 11. h3 Bh5 12. Nbd2 O-O 13. h4 g4 14. Nh2 Qd7
15. Ndf1 Bg6 16. Qd2 Kg7 17. Bd1 h5 18. Ne3 d5 19. f3 d4 20. Nf5+ Bxf5 21.
exf5 Qxf5 22. fxg4 Qg6 23. Bf3 e4 24. gxh5 Qxg3+ {White resigns} 0-1

[Event "ICC tourney 2906 (40 10)"]
[Site "Internet Chess Club"]
[Date "2022.05.07"]
[Round "2"]
[White "Volkov, Sergey:Volkov"]
[Black "WU, WILLIAM:chessw23"]
[Result "1-0"]
[ICCResult "Black resigns"]
[WhiteElo "2560"]
[BlackElo "1959"]
[Opening "QGD: exchange, positional line"]
[ECO "D35"]
[NIC "QO.16"]
[Time "13:15:16"]
[PlyCount "67"]
[TimeControl "2400+10"]

1. d4 d5 2. c4 e6 3. Nc3 Nf6 4. cxd5 exd5 5. Bg5 Be7 6. e3 c6 7. Qc2 O-O 8.
Bd3 Nbd7 9. Nf3 Re8 10. O-O Nf8 11. h3 Ng6 12. Nd2 b5 13. Rac1 Bd7 14. Rfe1
a5 15. a4 b4 16. Ne2 Qb6 17. Nb3 Rac8 18. Bxf6 Bxf6 19. Qc5 Qxc5 20. Nxc5
Nf8 21. Nxd7 Nxd7 22. Bf5 Red8 23. Bxd7 Rxd7 24. Rc5 Bd8 25. Rec1 Rd6 26.
Nf4 Bb6 27. Nxd5 Bd8 28. Nf4 Bc7 29. Rxc6 Rxc6 30. Rxc6 Kf8 31. d5 Ke7 32.
d6+ Bxd6 33. Rxc8 Kd7 34. Ra8 {Black resigns} 1-0

[Event "ICC tourney 2906 (40 10)"]
[Site "Internet Chess Club"]
[Date "2022.05.07"]
[Round "2"]
[White "MARKOVIC, GORAN:Goran21"]
[Black "GU, CRYSTAL JIUZHOU:fantasymoon"]
[Result "1-0"]
[ICCResult "Black checkmated"]
[WhiteElo "1794"]
[BlackElo "1918"]
[Opening "Sicilian: classical"]
[ECO "B72"]
[NIC "SI.25"]
[Time "13:15:26"]
[PlyCount "99"]
[TimeControl "2400+10"]

1. e4 c5 2. Nf3 Nc6 3. Nc3 d6 4. d4 cxd4 5. Nxd4 Nf6 6. Be2 g6 7. Be3 Bg7 8.
f4 O-O 9. Bf3 Bd7 10. g4 e5 11. Nxc6 bxc6 12. f5 Qe7 13. g5 Ne8 14. f6 Nxf6
15. gxf6 Qxf6 16. Qe2 Rab8 17. Qd1 Rxb2 18. O-O Qe6 19. Rf2 Qc4 20. Qd2 f5
21. Be2 Qb4 22. a3 Qb8 23. Bh6 f4 24. Bxg7 Kxg7 25. Rd1 Bh3 26. Qxd6 Qxd6
27. Rxd6 Rxc2 28. Rd3 Be6 29. Bf1 Rc1 30. Ne2 Rc2 31. Nxf4 Rxf2 32. Nxe6+
Kg8 33. Nxf8 Rxf8 34. Rd7 Rc8 35. Bc4+ Kh8 36. Rxa7 Rd8 37. a4 Rd4 38. Bf1
Rxe4 39. a5 Ra4 40. a6 c5 41. Rc7 Rxa6 42. Bxa6 e4 43. Bc4 e3 44. Kf1 g5 45.
Ke2 h5 46. Kxe3 g4 47. Kf4 h4 48. Kg5 h3 49. Kh6 g3 50. Rh7# {Black
checkmated} 1-0

[Event "ICC tourney 2906 (40 10)"]
[Site "Internet Chess Club"]
[Date "2022.05.07"]
[Round "2"]
[White "LU, YIDING:K05-16857692"]
[Black "TAYLOR, PHILLIP O:philupo"]
[Result "1-0"]
[ICCResult "Black resigns"]
[WhiteElo "1827"]
[BlackElo "1313"]
[Opening "Alekhine's defense: modern, Larsen variation"]
[ECO "B04"]
[NIC "AL.05"]
[Time "13:15:36"]
[PlyCount "61"]
[TimeControl "2400+10"]

1. e4 Nf6 2. e5 Nd5 3. d4 d6 4. Nf3 dxe5 5. Nxe5 b6 6. Bb5+ Bd7 7. Nxd7 Nxd7
8. Bc6 e6 9. Bxa8 Qxa8 10. O-O Be7 11. c4 N5f6 12. Nc3 O-O 13. Re1 Bb4 14.
Bf4 c6 15. Qb3 a5 16. a3 Be7 17. Rad1 Ne8 18. d5 g5 19. Bg3 f5 20. Na4 f4
21. Rxe6 Bc5 22. Bh4 gxh4 23. dxc6 Ndf6 24. Nxc5 bxc5 25. Qb7 Qxb7 26. cxb7
Ng7 27. Rxf6 Rb8 28. Rd7 Ne8 29. Rc6 Kf8 30. Rc8 Rxb7 31. Rxb7 {Black
resigns} 1-0